 Dungeon Crawl Stone Soup version 0.23.2-1-ga50397a (webtiles) character file.

Game seed: 3914559409430396945

92 IBeShadow the Gusty (level 4, -9/26 HPs)
             Began as a Tengu Air Elementalist on May 15, 2019.
             Killed by nerve-wracking pain
             ... invoked by an orc priest
              (11 damage)
             ... on level 2 of the Dungeon.
             The game lasted 00:03:24 (2048 turns).

IBeShadow the Gusty (Tengu Air Elementalist)        Turns: 2048, Time: 00:03:24

Health: -9/26      AC:  3    Str:  9    XL:     4   Next: 60%
Magic:  2/9        EV: 12    Int: 15    God:
Gold:   55         SH:  0    Dex: 15    Spells: 7/8 levels left

rFire    . . .     SeeInvis .   b - +0 short sword
rCold    . . .     Gourm    .   (no shield)
rNeg     . . .     Faith    .   l - +0 leather armour
rPois    .         Spirit   .   (helmet restricted)
rElec    .         Reflect  .   (no cloak)
rCorr    .         Harm     .   (no gloves)
MR       .....                  (boots unavailable)
Stlth    ++........             (no amulet)
HPRegen  0.08/turn              (no ring)
MPRegen  0.11/turn              (no ring)

@: no status effects
A: beak, talons 3
a: no special abilities


You were on level 2 of the Dungeon.
You were not hungry.

You visited 1 branch of the dungeon, and saw 2 of its levels.

You collected 55 gold pieces.

Inventory:

Hand Weapons
 b - a +0 short sword (weapon)
Armour
 a - a +0 robe
 l - a +0 leather armour (worn)
Scrolls
 d - a scroll of fog {unknown}
 e - 3 scrolls of remove curse {unknown}
 f - a scroll of amnesia {unknown}
 i - a scroll of magic mapping {unknown}
 j - a scroll of enchant armour {unknown}
 k - a scroll of teleportation {unknown}
Potions
 g - a potion of agility
 h - a potion of brilliance {unknown}
Comestibles
 c - 3 rations


   Skills:
 + Level 1.8 Fighting
 - Level 2.1 Dodging
 - Level 2.0 Stealth
 + Level 2.7 Spellcasting
 + Level 3.0 Conjurations
 + Level 4.9 Air Magic


You had 7 spell levels left.
You knew the following spells:

 Your Spells              Type           Power        Failure   Level  Hunger
a - Shock                 Conj/Air       ##..         6%          1    #......

Your spell library contained the following spells:

 Spells                   Type           Power        Failure   Level  Hunger
 Swiftness                Chrm/Air       #.......     16%         2    ##.....
 Static Discharge         Conj/Air       ##......     17%         3    ###....
 Airstrike                Air            ###.......   36%         4    #####..
 Lightning Bolt           Conj/Air       ##........   85%         5    ######.


Dungeon Overview and Level Annotations

Branches:
Dungeon (2/15)

Altars:
Okawaru


Innate Abilities, Weirdness & Mutations

You have a beak for a mouth.
You have claws for feet.


Message History

The orc priest miscasts a cantrip.
The orc priest casts a cantrip, but nothing happens.
You hit the orc priest but do no damage.
You peck the orc priest, but do no damage.
The orc priest is almost dead.
The orc priest begins to cast a cantrip, but forgets the words!
Your leather armour prevents you from hitting the orc priest.
Your peck misses the orc priest.
The orc priest is almost dead.
The orc priest begins to cast a cantrip, but forgets the words!
You closely miss the orc priest. You claw the orc priest.
You kill the orc priest!
Your Conjurations skill increases to level 3!
The orc priest mumbles some strange prayers to Beogh against you.
Beogh smites you!
Ouch! That really hurt!
* * * LOW HITPOINT WARNING * * *
The orc priest calls down the wrath of Beogh upon you.
Pain shoots through your body!
You die...

#................# .#
##..####.######### .#
#..# #.# .# #..## #.#
######.#.# #...###.#
#...g.)..# #.......#
#g####.### ###..##.#
#.# )#
#####..##.#####g# .#
........<...@.o.# )#
#.####..######### .#
.............(. ..
#.#####.##############
........>.......#<...#
#.######.######.####.#
#.# #.# #.# #.# #.#
#.# #.# #.# #.#


You could see an orc priest and a hobgoblin.

Vanquished Creatures
  An orc priest (D:2)
  An adder (D:2)
  A worm (D:2)
  A dart slug (D:1)
  A leopard gecko (D:1)
  An orc (D:2)
  2 bats (D:1)
  3 giant cockroaches
  2 goblins (D:1)
  5 hobgoblins (D:1)
  4 jackals (D:1)
  A quokka (D:2)
  A kobold (D:1)
  3 rats (D:1)
27 creatures vanquished.

Vanquished Creatures (others)
  An orc wizard (D:2)
1 creature vanquished.

Grand Total: 28 creatures vanquished

Notes
Turn   | Place    | Note
-------+----------+-------------------------------------------
     0 | D:1      | IBeShadow the Tengu Air Elementalist began the quest for
                  | the Orb.
     0 | D:1      | Reached XP level 1. HP: 10/10 MP: 4/4
   306 | D:1      | Reached XP level 2. HP: 16/16 MP: 6/6
   786 | D:1      | Reached skill level 1 in Fighting
   793 | D:1      | Reached XP level 3. HP: 5/20 MP: 1/7
  1608 | D:2      | Found an iron altar of Okawaru.
  2029 | D:2      | Reached XP level 4. HP: 25/25 MP: 4/8
  2039 | D:2      | HP: 1/26 [orc priest/divine providence (17)]
  2048 | D:2      | Killed from afar by an orc priest

Skill      XL: |  1  2  3  4 |
---------------+-------------+-----
Conjurations   | 2 3 |  3.0
Fighting       | 1 |  1.8
Dodging        | |  2.1
Stealth        | |  2.0
Spellcasting   | |  2.7
Air Magic      | |  4.9

Action                   |  1- 3 |  4- 6 || total
-------------------------+-------+-------++-------
Melee: Short sword       |    40 |     4 ||    44
       Kick              |     9 |     2 ||    11
       Unarmed           |     4 |       ||     4
       Peck              |     9 |     2 ||    11
 Cast: Shock             |    32 |     4 ||    36
 Stab: Sleeping          |     2 |       ||     2
  Eat: Chunk             |     4 |       ||     4
Armor: Robe              |     7 |       ||     7
       Leather armour    |     4 |       ||     4
Dodge: Dodged            |    40 |       ||    40
